[Event "44th Chess Olympiad Women 2022"]
[Site "Chennai"]
[Date "2022.08.03"]
[Round "6.68"]
[White "Jacobs, Annelaine"]
[Black "De Souza, Ivana Claudia Eyram"]
[Result "1-0"]
[WhiteElo "1612"]
[BlackElo "1167"]
[Annotator "NA RC"]
[PlyCount "83"]
[EventDate "2022.??.??"]
[TimeControl "60"]

1. e4 e5 2. Nf3 Nc6 3. Bb5 a6 4. Bxc6 dxc6 5. d4 exd4 6.
Qxd4 Be6 7. Be3 f6 8. Nc3 Bd6 9. O-O-O b6 10. Qd2 Ne7 11. Bxb6 cxb6 12. Qxd6 Qxd6 13. Rxd6 Bd7 14. Rhd1 O-O-O 15. a3 Kc7 16. R6d2 Be6 17. Rxd8 Rxd8 18. Rxd8 Kxd8 19. Nd4 Kd7 20. f4 c5 21. Nxe6 Kxe6 22. Kd2 g6 23. Ke3 Nc6 24. Na4 Nd4 25. c3 Nc6 26. Nxb6 Kd6 27. Nc4+ Ke6 28. b4 cxb4 29. axb4 h6 30. Na5 Nxa5 31. bxa5 Kd6 32. Kd4 Kc6 33. c4 Kd6 34. e5+ fxe5+ 35. fxe5+ Kc6 36. e6 Kd6 37. e7 Kxe7 38. Kc5 Kd7 39. Kb6 Kd6 40. c5+ Kd7 41. Kb7 g5 42. c6+ 1-0

[Event "44th Chess Olympiad Women 2022"]
[Site "Chennai"]
[Date "2022.08.03"]
[Round "6.78"]
[White "Alvarado Perez, Coralys M."]
[Black "Andre, Chineva Rufino"]
[Result "1-0"]
[WhiteElo "1471"]
[BlackElo "1171"]
[Annotator "NA RC"]
[PlyCount "68"]
[EventDate "2022.??.??"]
[TimeControl "60"]

1. e4 e5 2. d4 exd4 3. Qxd4 Nc6 4. Qe3 b6 5. Nc3 Bc5 6. Qe2 Bb7 7. Be3 Bxe3 8. Qxe3 Nf6 9. O-O-O Qe7 10. f3 a5 11. g4 d6 12. Nge2 Nd7 13. Nd5 Qd8 14. h4 Nb4 15. Nec3 Nxd5 16. exd5+ Qe7 17. Qxe7+ Kxe7 18. Re1+ Kd8 19. Bb5 Ne5 20. Re3 Ba6 21. Bxa6 Rxa6 22. Rhe1 Ng6 23. h5 Ne5 24. Nb5 Ra8 25. Nd4 g6 26. hxg6 hxg6 27. b3 Kd7 28. f4 Nxg4 29. Re7+ Kc8 30. Rxf7 Kb7 31. Nb5 Rac8 32. Nxd6+ Kb8 33. Nxc8 Kxc8 34. Ree7 Nh6 1-0

[Event "44th Chess Olympiad Women 2022"]
[Site "Chennai"]
[Date "2022.08.03"]
[Round "6.78"]
[White "Castro, Neusa Aridas De"]
[Black "Morales Santos, Natasha"]
[Result "1/2-1/2"]
[WhiteElo "1531"]
[BlackElo "1924"]
[Annotator "NA RC"]
[PlyCount "140"]
[EventDate "2022.??.??"]
[TimeControl "60"]

1. e4 e6 2. Nf3 d5 3. exd5 exd5 4. d4 Bd6 5. Be2 Ne7 6. c3 O-O 7. O-O Nbc6 8. Nbd2 Ng6 9. Re1 Bf5 10. Nf1 Nf4 11. Bb5 Be4 12. Ng3 f5 13. h3 a6 14. Bf1 Ng6 15. Ng5 Bxg3 16. fxg3 Qd6 17. g4 Rae8 18. Bd2 Nd8 19. gxf5 Bxf5 20. Qh5 h6 21. Rxe8 Rxe8 22. Nf3 Rf8 23. Re1 Be4 24. Nh2 c6 25. Qg4 Qf6 26. Qe2 Nf4 27. Bxf4 Qxf4 28. Ng4 Nf7 29. Qe3 Qxe3+ 30. Rxe3 Nd6 31. Ne5 Nf5 32. Re1 Ng3 33. Nd7 Rf7 34. Nc5 h5 35. Nxe4 Nxe4 36. Bd3 Nf6 37. Bg6 Rc7 38. Re6 Kf8 39. Kf2 Re7 40. Rxe7 Kxe7 41. Ke3 b6 42. Kf4 h4 43. Kg5 c5 44. Kxh4 cxd4 45. cxd4 Nd7 46. Kg5 Nb8 47. Kf4 Nc6 48. Ke3 Kf6 49. Bh5 Nb4 50. a3 Nc2+ 51. Kd2 Nxd4 52. Kc3 Ke5 53. Kd3 Ne6 54. g3 Nc5+ 55. Ke3 d4+ 56. Kf3 Nd3 57. b3 a5 58. Bg6 Nc1 59. b4 Na2 60. bxa5 bxa5 61. a4 Nc3 62. Bc2 Nd5 63. h4 Ne3 64. Bd3 Nd5 65. g4 Nf4 66. Bf1 Ng6 67. h5 Nf4 68.
Bc4 Nh3 69. Bd3 Ng5+ 70. Kg3 Ne6 1/2-1/2

[Event "44th Chess Olympiad Women 2022"]
[Site "Chennai"]
[Date "2022.08.03"]
[Round "6.78"]
[White "Rivera Negron Yanira"]
[Black "Vilhete, Vania Fausto Da T."]
[Result "1/2-1/2"]
[WhiteElo "1770"]
[BlackElo "1701"]
[Annotator "NA RC"]
[PlyCount "129"]
[EventDate "2022.??.??"]
[TimeControl "60"]

1. d4 Nf6 2. Nf3 e6 3. Bf4 d5 4. e3 c5 5. c3 Be7 6. Bd3 Nbd7 7. Nbd2 b6 8. h3 Bb7 9. O-O O-O 10. Ne5 Ne4 11. Nxe4 dxe4 12. Bb5 Nxe5 13. Bxe5 f6 14. Bg3 Qd5 15. Qe2 Rac8 16. c4 Qf5 17. Rad1 Rfd8 18. dxc5 Bxc5 19. Rxd8+ Rxd8 20. Rd1 Rd3 21. a3 a5 22. Ba4 Ba6 23. Bc2 Rxd1+ 24. Bxd1 e5 25. Qc2 Qd7 26. Be2 Bb7 27. Bg4 f5 28. Qd1 Qxd1+ 29. Bxd1 Bd6 30. Bh4 Bc7 31. Ba4 h6 32. g4 g5 33. Bg3 f4 34. Bh2 Kf7 35. Kf1 Ke6 36. Ke2 Ba6 37. Bb3 f3+ 38.
Kd2 Kf6 39. Kc3 Bd6 40. Bc2 Bb7 41. b4 axb4+ 42. axb4 Bc6 43. Bb3 Bb7 44. Bc2 Bc6 45. Bb3 Bb7 46. Ba4 Be7 47. Bd7 Bd6 48.
Kb3 Ke7 49. Bf5 Bc6 50. c5 bxc5 51. bxc5 Bc7 52. Kc4 Kf6 53. Bh7 Kg7 54. Bf5 Kf6 55. Bg3 Bb8 56. Bc8 Bc7 57. Ba6 Ke6 58. Bc8+ Kf6 59. Bf5 Bb8 60. Bh7 Kg7 61. Bf5 Kf6 62. Bh7 Kg7 63. Bf5 Kf6 64. Bh7 Kg7 65. Bf5 1/2-1/2

[Event "44th Chess Olympiad Women 2022"]
[Site "Chennai"]
[Date "2022.08.03"]
[Round "6.78"]
[White "Sitoe, Cheila Andre"]
[Black "Comas Colon, Rinelly M."]
[Result "1-0"]
[WhiteElo "1574"]
[BlackElo "1585"]
[Annotator "NA RC"]
[PlyCount "109"]
[EventDate "2022.??.??"]
[TimeControl "60"]

1. e4 g6 2. Nf3 Bg7 3. Bc4 d6 4. c3 Nf6 5. d3 O-O 6. h3 c6 7. O-O b5 8. Bb3 Nbd7 9. Be3 Bb7 10. Qd2 c5 11. c4 b4 12. Bh6 Qc7 13.
Bxg7 Kxg7 14. Qe3 Rfd8 15. Nbd2 a5 16. Ba4 Nb6 17. Bb5 Ba6 18.
Bxa6 Rxa6 19. b3 a4 20. d4 axb3 21. axb3 Rda8 22. Rxa6 Rxa6 23. dxc5 Qxc5 24. Qd3 Ra2 25. Qb1 Ra7 26. Qb2 Nbd7 27. Nd4 Ne5 28. Nb5 Ra6 29. Qc2 Ne8 30. Kh1 Nc7 31. Nxc7 Qxc7 32. f4 Nd7 33. Nf3 Qc5 34. Qd3 Ra2 35. Qd4+ Kg8 36. Qd3 Qa7 37. Nd4 Nc5 38. Qb1 Qa3 39. Kh2 Rb2 40. Qe1 Qa2 41. Rg1 Nxb3 42. Nc6 Nd2 43. Kh1 e6 44. Qh4 Qa8 45. Ne7+ Kg7 46. f5 Nxe4 47. fxe6 fxe6 48. Rf1 Ra2 49. Qf4 Rf2 50. Rxf2 Nxf2+ 51. Qxf2 Qa1+ 52. Kh2 b3 53. Nc6 b2 54. Nd4 h5 55. Nxe6+ 1-0

[Event "44th Chess Olympiad Women 2022"]
[Site "Chennai"]
[Date "2022.08.05"]
[Round "7.1"]
[White "Beydullayeva, Govhar"]
[Black "Vaishali R"]
[Result "0-1"]
[WhiteElo "2390"]
[BlackElo "2442"]
[Annotator "ChessBase"]
[PlyCount "144"]
[EventDate "2022.??.??"]
[TimeControl "60"]

1. d4 Nf6 2. c4 e6 3. Nf3 Bb4+ 4. Bd2 Qe7 5. g3 Nc6 6. Bg2 Bxd2+ 7. Nbxd2 d6 8. O-O e5 9. d5 Nb8 10. e4 a5 11. b3 Bg4 12. a3 O-O 13.
h3 Bxf3 14. Qxf3 c6 15. Rfc1 Na6 16. Qc3 Qc7 17. h4 Qb6 18. Bh3 Rfe8 19. Rab1 Re7 20. Qf3 Qd4 21. Rd1 cxd5 22. cxd5 Rc7 23. Nc4 Qxe4 24. Kg2 Qxf3+ 25. Kxf3 a4 26. Nxd6 Rc3+ 27. Kg2 axb3 28. Nb5 Rc5 29. Rxb3 Rxd5 30. Rxd5 Nxd5 31. Nd6 b6 32. Nc4 Nc5 33. Nxb6 Nxb6 34. Rxb6 g6 35. Rb5 Nd3 36. Rb3 Ne1+ 37. Kf1 Nc2 38. Rb2 Nxa3 39. Ra2 Ra7 40. Ke2 Kf8 41. Bg2 Ke7 42. Bd5 f6 43. Kf3 Kd6 44. Bg8 h5 45. Bf7 Rxf7 46. Rxa3 Ke6 47. Ke4 Rd7 48. Ra6+ Rd6 49. Ra4 Rb6 50. Rc4 Rd6 51. Ra4 Rc6 52. Rb4 Ra6 53. Rc4 Kd6 54. Rb4 Rc6 55. Rb8 Rc4+ 56. Kd3 Rd4+ 57. Ke3 Ke6 58. Rf8 Kf5 59. Kf3 Rd6 60. Rf7 e4+ 61. Ke3 Rd3+ 62. Ke2 Rf3 63. Rf8 Kg4 64. Re8 f5 65. Rg8 Kh3 66. Rxg6 Kg2 67. Rg5 Rxf2+ 68. Ke3 Kf1 69. Rxh5 Rf3+ 70. Kd4 e3 71. Rh8 e2 72. Re8 Rxg3 0-1

[Event "44th Chess Olympiad Women 2022"]
[Site "Chennai"]
[Date "2022.08.05"]
[Round "7.1"]
[White "Harika, Dronavalli"]
[Black "Balajayeva, Khanim"]
[Result "1/2-1/2"]
[WhiteElo "2517"]
[BlackElo "2344"]
[Annotator "TA"]
[PlyCount "119"]
[EventDate "2022.??.??"]
[TimeControl "60"]

1. d4 d5 2. c4 dxc4 3. Nf3 Nf6 4. e3 e6 5. Bxc4 c5 6. O-O a6 7. Be2 {[%emt 0:00:
00] D27: Queen's Gambit Accepted: Classical main line: 7 e4!? and 7 a4.} Nbd7 8. b3 b6 9. Ne5 Bb7 10. Bf3 {[%emt 0:00:43] [#]} Nd5 $146 ({Predecessor:} 10... Qc7 11. Bb2 Rd8 12. Bxb7 Qxb7 13. Qe2 Nxe5 14. dxe5 Nd5
15. Nd2 Be7 16. Ne4 O-O {1-0 (47) Ding,L (2799)-Aronian,L (2782) Chess.com INT
2021}) 11. Nxd7 Qxd7 12. Bb2 Rd8 13. Nd2 cxd4 14. Bxd4 Bb4 15. Nc4 ({But not} 15. Bxg7 Rg8 16. Bd4 Nc3 $15) 15... b5 16. Nb6 ({Wrong is} 16. Bxg7 $2 Rg8 17. e4 (17. Ne5 $2
Qc7 $19) 17... bxc4 18. exd5 Rxg7 $19) 16... Nxb6 17. Bxb6 Bxf3 18. Qxf3 Rc8 19. Bd4 Bc3 20. Rad1 Bxd4 21. Rxd4 Qc6 22. Rfd1
$36 {[%emt 0:02:41][%cal Yf1d1,Yd1d6,Yd6b6] White is more active.} O-O 23. Qxc6 Rxc6 24. Rd6 Rxd6 25. Rxd6 $14 {[%emt 0:00:07] Endgame
KR-KR} Ra8 26. Rb6 Kf8 27.
Kf1 Ke7 28. Ke2 Ra7 29. a4 bxa4 30. bxa4 h5 31. h4 g6 {[%emt 0:00:34]
[#]} 32. Kf3 (32. a5 $1 $16) 32... Kf6 33.
Kf4 Rc7 (33... a5 $142) 34. Rxa6 $16 Rc2 35. Kg3 Ra2 36. Ra7 Kg7 (36... Ra1 $16 37. a5 Ra3)
37. a5 Kf6 38. a6 Kg7 (38... Ra3 $16 39. Ra8 Ke5) 39. Kf3 (39. Ra8 $18) 39... Kf6 40. Ra8 Kg7 $2 (40... Ke5 $16 41. g3 Kf5) 41. e4 (41. a7 $142
) 41... e5 $2 (41... Kf6 42. Ke3 Ke5 43. f4+ Kd6) 42. g3 Kf6 43. Ke3 Ra3+ 44. Kd2 Ra2+ 45. Kc3 Rxf2 46. Rc8 $2 (46. Kc4 $18) 46... Ra2 $11 {
[%emt 0:00:00] The position is equal.} 47. Rc6+ Kg7 48. Kb3 Ra1 49. Kb4 {[%emt 0:00:00] 
[#] Threatens to win with Kb5.} f5 $1 50. exf5 gxf5 51. Kb5 {[%emt 0:00:00] Hoping for Rc7+.} f4 52. gxf4 exf4 53. Rc4 f3 {[%emt 0:00:00] aiming for ...f2.} 54. Rf4 Rb1+ 55. Kc6 Ra1 56. Kb7 Rb1+ 57. Kc7 Ra1 58. Kb7 Rb1+ 59. Kc7 Ra1 60. Kb7 {[%emt 0:00:04] Blacks defense is rewarded with a draw. Weighted
Error Value: White=0.20 (precise) /Black=0.19 (very precise)} 1/2-1/2

[Event "44th Chess Olympiad Women 2022"]
[Site "Chennai"]
[Date "2022.08.05"]
[Round "7.1"]
[White "Mammadzada, Gunay"]
[Black "Koneru, Humpy"]
[Result "1-0"]
[WhiteElo "2455"]
[BlackElo "2586"]
[Annotator "TA"]
[PlyCount "89"]
[EventDate "2022.??.??"]
[TimeControl "60"]

1. d4 Nf6 2. c4 e6 3. Nf3 d5 4. g3 Bb4+ 5. Bd2 a5 6. Bg2 O-O 7. Qc2 c5 {[%emt 0:00:59] E11:
Bogo-Indian.} 8. dxc5 d4 9. Bxb4 axb4 {[%emt 0:00:06] The position is equal.} 10. Nbd2 Nc6 11. Ng5 {[%emt 0:05:35] [#]} e5 $146 ({
Predecessor:} 11... h6 12. Bxc6 bxc6 13. Ngf3 e5 14. Nxe5 Re8 15. Ndf3 b3 16.
Qd1 Qa5+ 17. Qd2 Qxd2+ 18. Kxd2 {0-1 (27) Labussiere,V (2349)-Delgado Ramirez,
N (2603) Sales Oliveira 2022}) 12. h4 (12. O-O $11 {was
preferrable.}) 12... h6 $15 13. Nge4 (13. Qd3
$11) 13... Ne8 $17 14. Qb3 Be6 $1 (14... f5 15. Nd6 $15) 15. g4 (15. Nd6 $17 {keeps
fighting.}) 15... Bxg4 $19 16. Qg3 Be6 ({Worse is} 16... f5 17. Nd6 $15) ({Black should play} 16...
Bh5 $19 {...f5 is the strong threat.} 17. Rg1 (17. Bf3 Bxf3 18. Qxf3 f5 $19)
17... d3) 17. Rg1 (17. Nd6 $15 {is superior.}) 17... f5 $1 $17 18. Nd6 Qf6 (18... Nxd6 $17
19. Bd5 Ne8 $1 20. Bxe6+ Kh8) 19. Bd5 $36 {[%emt 0:04:32] Strongly threatening
Bxe6+. White has the initiative.} (19. Nxb7 $2 e4 20. Bf1 d3 $19) 19... Nd8 20. Nxe8 Rxe8 21. Qb3 (21. Qg6 $11 {remains equal.} Qxg6 22. Rxg6) 21... e4 22. O-O-O Nc6 ({Much worse is} 22...
Qxh4 23. Qxb4 Qxf2 24. Nb3 $11) 23. Rg3 d3 24. e3 {[%emt 0:00:08] Against Nd4} Rac8 (24... Kh8 $17 25.
Rdg1 Re7) 25. Rdg1 Rc7 26. Rg6 Qe5 27. Bxc6 (27. Rxh6 $11 Bxd5 28. cxd5
) 27... bxc6 $15 28. Qxb4 Rce7 (28... Ree7 $15 29. Nb3 Rb7) 29. Nb1 $11 Kh7 (29... Rb8 $11 {deserves consideration.} 30. Qc3 Qxc3+ 31. Nxc3 Bxc4) 30.
Qc3 $16 Qc7 31. Nd2 Rf8 $2 (31... Rg8 $1 $14) 32. f4 $18 exf3 33. Nxf3 f4 {[%emt 0:00:51] [#]} 34. e4 ({Wrong is} 34. Qxd3 $2 Bf5 35. Qd6 Bxg6 36. Qxg6+ Kh8 $19) 34... Rd8 35. Nd4 $2 ({Better is} 35. b4 $18) 35... d2+ (35... Rxd4 $1 $11 {keeps the balance.} 36. Qxd4 Rd7) 36. Kd1 (36. Qxd2 $16 Qd7 37. Nf3) 36... Rxd4 $11 37.
Qxd4 {[%emt 0:00:10] Hoping for Qd6. The board is on fire.} h5 $2 (37... f3 $1 $11) 38. Qd6 $18 {[%emt 0:01:20] White is clearly winning.}
Bg4+ 39. R6xg4 hxg4 40. Qxc7 Rxc7 41. Rxg4 {[%emt 0:30:12] KR-KR} Rb7 42. b3 Ra7 43. Rxf4 Rxa2 44. e5 Ra3 45.
Rf3 {[%emt 0:00:00] Never resign too early! Weighted Error Value: White=0.25 
(precise) /Black=0.45} 1-0

[Event "44th Chess Olympiad Women 2022"]
[Site "Chennai"]
[Date "2022.08.05"]
[Round "7.1"]
[White "Tania, Sachdev"]
[Black "Fataliyeva, Ulviyya"]
[Result "1-0"]
[WhiteElo "2399"]
[BlackElo "2372"]
[Annotator "TA"]
[PlyCount "125"]
[EventDate "2022.??.??"]
[TimeControl "60"]

1. d4 d5 2. c4 c6 3. Nf3 Nf6 4. Nc3 a6 5. e3 e6 6. Bd3 dxc4 7. Bxc4 c5 8. O-O b5 9. Bd3 {[%emt 0:06:02] 9.dxc5 gains popularity.} Bb7 10. a3 Nbd7 {[%emt 0:01:53] D40: Queen's Gambit Declined:
Semi-Tarrasch with 5 e3.} 11. Qe2 Qb6 12. Bc2 Rc8 {[%emt 0:06:56] Black is slightly better.} 13. Rd1 Be7 14. dxc5 {[%emt 0:10:35] [#]} Bxc5 $146 ({Predecessor:} 14... Qxc5 15. e4 Qh5 16. Bf4 O-O 17. Bg3 Nc5
18. Rd4 Rfd8 19. Rad1 Rxd4 20. Rxd4 Qh6 21. Rd1 Rd8 22. Rxd8+ Bxd8 23. Qd2 Qxd2
24. Nxd2 Bb6 25. Kf1 {½-½ (25) Reshevsky,S-Najdorf,M Mex/NY/Salvador 1952})
15. h3 Qc7 16. e4 Nf8 17. e5 N6d7 18. Be4 Ng6 $1 19. Bxb7 Qxb7 20. Ne4 O-O 21. b4 Be7 22. Nd6 Bxd6 23. exd6 Rc4 24. Be3 Rfc8 25. Rac1 (25. Nd4 $14) 25... h6 26. Rxc4 Rxc4 27. Nd2 Nh4 28. f3 $11 Rc2 (28... Rc3 $11) 29.
Qd3 $16 Qc6 ({Better is} 29... Rc6) 30. Bc5
$1 Ra2 (30... Rxc5 $16 31. bxc5 Qxc5+ 32. Kh1
Qg5) 31. Qb3 $18 Qd5 32. Qxd5 exd5 {[%emt 0:00:02] [#]} 33. Kf2 $2 (33. Bf2 $1 $18 Ng6 34. Nb3) 33... a5 ({But not} 33... Rxa3 $6
34. Re1 Ng6 35. Re8+ Kh7 36. Rd8 $11) (33... f6 $17 34. Kg1 Kf7) 34. g3 Ng6 $36 {[%emt 0:00:32] White is under pressure.} 35. f4 (35. Bd4 $5 Rxa3 36. bxa5 Rxa5 37. f4 $11) 35...
a4 36. Ke3 (36. Ke2 $11) 36... Rxa3+ $17 37. Kd4 Nf6 (37... Rxg3 $17
38. Kxd5 Nf6+ 39. Kc6 Rd3 40. Kxb5 a3) 38. Nf1 Nf8 {[%emt 0:
02:21] [#] aiming for ...Ne6+.} 39. f5 {[%emt 0:00:06] Against Ne6+} N8d7 {
[%emt 0:00:09] Strongly threatening ...Nb8.} 40. Ne3 Nb8 {
[%emt 0:00:31][%cal Rb8c6] Pair of Knights!} 41. Bb6 Nbd7 42. Nxd5 Nxd5 (42... Rxg3 $11
{keeps the balance.} 43. Nxf6+ gxf6) 43. Kxd5 $16 Nxb6+ $11 {
[%emt 0:00:27] Endgame KRN-KR} 44. Kc6 Nc4 (44... Rxg3 $2 45. Kxb6 Kh7 46. d7 $18) 45. d7 Ne5+ 46. Kxb5 Nxd7 47. Rxd7
$16 {[%emt 0:00:00] KR-KR} Ra1 $2 {[%emt 0:00:08] This move loses the game for
Black.} (47... Rxg3 $2 48. Kxa4 Rxh3 49. b5 $16) (47... Kf8 $16) 48. Rd8+ Kh7 49. Ka5 {[%emt 0:00:00] And now b5 would
win.} g6 $2 (49... a3 {keeps fighting.} 50. Rd3 (50. b5 Rb1
$16) 50... a2) 50. b5 (50. Rd3 $142) 50... gxf5 $2 (50... a3 51. Rd3 a2) 51. b6 {[%emt 0:00:00][%cal Yb5b6,Yb6b7] Hoping
for b7.} Rb1 52. Rd3 Kg6 53.
Ra3 Kf6 54. Ka6 Ke5 55. Rxa4 (55. Ka7 $142 f4 56. gxf4+ Kxf4 57.
b7) 55... Kd5 56. b7 {[%emt 0:00:32] Black must now prevent
Ka7.} Kc6 57. Rc4+ Kd7 58.
Rc5 {[%emt 0:01:21] White mates.} Ra1+ 59. Ra5 Rxa5+ 60. Kxa5 ({Don't go for} 60. Kb6 $2
Ra3 61. b8=N+ Ke6 $19) 60... Kc7 61. Ka6 Kb8 62. Kb6 h5 63. h4 {[%emt 0:
00:09] Weighted Error Value: White=0.27 (precise) /Black=0.57} 1-0

[Event "44th Chess Olympiad Women 2022"]
[Site "Chennai"]
[Date "2022.08.05"]
[Round "7.2"]
[White "Dzagnidze, Nana"]
[Black "Bulmaga, Irina"]
[Result "1/2-1/2"]
[WhiteElo "2531"]
[BlackElo "2394"]
[Annotator "ChessBase"]
[PlyCount "69"]
[EventDate "2022.??.??"]
[TimeControl "60"]

1. d4 Nf6 2. c4 e6 3. Nc3 Bb4 4. Qc2 O-O 5. a3 Bxc3+ 6. Qxc3 b6 7. Bg5 Bb7 8. e3 d6 9. Ne2 Nbd7 10. Qc2 h6 11. Bh4 Qe7 12. Nc3 c5 13.
d5 exd5 14. Nxd5 Bxd5 15. cxd5 c4 16. Be2 Rac8 17. O-O g5 18.
Bg3 Ne4 19. Rad1 f5 20. Rd4 Ndc5 21. Bf3 b5 22. Bxe4 Nxe4 23. Re1 Nc5 24. f3 Nd3 25. Re2 Qf6 26. h3 Rce8 27. Rxd3 cxd3 28. Qxd3 f4 29. Be1 Rxe3 30. Rxe3 fxe3 31. Bc3 Qf5 32. Qd4 Qe5 33. Qd3 Qf5 34. Qd4 Qe5 35. Qd3 1/2-1/2

[Event "44th Chess Olympiad Women 2022"]
[Site "Chennai"]
[Date "2022.08.05"]
[Round "7.2"]
[White "Javakhishvili, Lela"]
[Black "Ciolacu, Alessia-Mihaela"]
[Result "1-0"]
[WhiteElo "2476"]
[BlackElo "2163"]
[Annotator "TA"]
[PlyCount "183"]
[EventDate "2022.??.??"]
[TimeControl "60"]

1. Nf3 Nf6 2.
c4 e6 3. g3 d5 4. Bg2 Be7 5. d4 O-O 6. O-O dxc4 7. Qc2 a6 8. a4 Bd7 9. Qxc4 Bc6 10. Bf4 Bd6 {[%emt 0:00:
00] E05: Open Catalan: 5 Nf3 Be7.} 11. Qc1 a5 12. Bd2 Nbd7 {[%emt 0:00:59] The position is equal.} 13. Nc3 Ne4 {[%emt 0:01:22] [#] 13...Qe7 is the modern continuation.}
14. Be1 $146 (14. Nxe4 {is more complex.} Bxe4 15. Ng5 Bxg2
16. Qc2) ({Predecessor:} 14. Rd1 Ndf6 15. Qc2 Nxd2 16. Nxd2 Bxg2 17. Kxg2 Bb4
18. Nc4 c5 19. dxc5 Qc7 20. Ne4 Nxe4 21. Qxe4 Bxc5 {½-½ (41) Ding,L (2799)
-Wei,Y (2729) Hangzhou 2022}) 14... Ndf6 15. Qc2 Nxc3 16. bxc3 Be4 17.
Qb2 Qd7 18. c4 c5 19. Ne5 Qc7 20. Bxe4 Nxe4 21. Nd3 Be7 22. Rb1 Ra7 (22... Bf6 $11 {keeps the balance.}) 23.
f3 $16 Nd6 (23... Bf6 $16 24. Qc1 (24. e3 Nd6
$16) 24... Bg5) 24. dxc5 $18 Nxc4 25. Qd4 Na3 26. Rc1 ({But not} 26.
Bc3 $2 Bf6 27. Ne5 Rd8 $19) 26... Bf6 27. Qe4 Rd8 (27... Rc8 $142 28. Bc3 b5) 28. Bc3 b5 29. Bxf6 gxf6 30. Qh4 Qe7 (30... b4 $142 31. Qxf6 Qe7) 31. Rc3 $2 (31. Nf4 $18 {is the precise move to win. Strongly threatening
Nh5.} f5 32. Qh6) 31... b4 $16 {[%emt 0:00:00] [#]} 32. Nxb4 axb4 33. Qxb4 (33. Qg4+ $18 {and White stays
clearly on top.} Kh8 34. Qxb4) 33... Rda8 $2 34. Rxa3 $18 Qc7 35. Rc1 Qc6 36. Rc4 Rb7 37.
Qc3 Qd5 $2 (37... e5 38. Rb3 Rab8) 38. Rd4 Qe5 39. Kf2 {[%emt 0:00:45] aiming for c6.}
Rc8 40. Rg4+ Kf8 41. c6 Rb6 42. Rc4 {[%emt 0:00:00] Qc1 is the strong
threat.} Qd6 $2 (42... Qxc3 43. Raxc3 Ke7) 43. c7 Rb7 {[%emt 0:00:33] [#]} 44. Ra2 $2 (44. Qxf6
$1 {White threatens Qh8+ and mate.} Rbxc7 45. Rd3 Qxd3 46. Rxc7 Rxc7 47. Qh6+
Ke8 48. exd3) 44... Rcxc7 45. Rxc7 Qxc7 46. Qxf6 {[%emt 0:00:00] Endgame KQR-KQR} Qc1 47. Qd8+ Kg7 48. Qd4+ e5 49. Ra1 {[%emt 0:00:00] Threatening mate with Qg4+.} Qc7 50. Qe3 Ra7 51. Rc1 Qe7 52. Rc4 h6 (
52... Ra6 $142 53. Rg4+ Kf8) 53. Rg4+ Kh7 54.
Rh4 Ra6 55. Qd3+ Rg6 56. Rg4 {[%emt 0:01:25] And now Rxg6 would win.} h5 57. Rxg6 fxg6 {[%emt 0:00:02] KQ-KQ} 58. Qe4 Qc5+ 59. Kg2 {[%emt 0:00:04] Hoping for Qb7+.} Kg7 60. Qb7+ Kf6 61. Qb5 Qc2 62. a5 e4 63. f4 Kg7 64. a6 e3 65. Kf3 Qc1 66. Qe5+ (66. Qd7+ $142 Kh6 67. a7 Qf1+ 68. Kxe3 Qg1+ 69.
Kd2 Qa1 70. f5 Qa5+ 71. Ke3) 66... Kh7 67. Qe7+ Kh6 68. Qg5+ (68. a7 $142 Qf1+ 69. Kxe3
Qg1+ 70. Kd2 Qd4+ 71. Kc2 Qa4+ 72. Kb2 Qd4+ 73. Kb3 Qd1+ 74. Kb4 Qb1+ 75. Kc5
Qg1+ 76. Kb5 Qb1+ 77. Kc5 Qc2+ 78. Kd6 Qd2+ 79. Kc6 Qc2+ 80. Kd6 Qd1+ 81. Kc7
Qc2+ 82. Kd6) 68... Kg7 69. Qe7+ (69. Qa5 $18
Qh1+ 70. Kxe3 Qg1+ 71. Ke4 Qb1+ 72. Kd4 Qg1+ 73. e3 Qd1+ 74. Ke5) 69... Kh6 $1 70. a7 Qf1+ 71. Kxe3 Qg1+ 72. Kd3 Qd1+ {[%emt 0:
01:00] [#]} 73. Kc4 $1 Qc2+ 74. Kd5 Qa2+ 75. Kd6 $2 (75. Kd4 Qa1+ 76. Kc4
Qa4+ 77. Kc3 Qa1+ 78. Kb4 Qb2+ 79. Ka5 Qa2+ 80. Kb4 Qd2+ 81. Kb5 Qd5+ 82. Qc5
Qb7+ 83. Ka5) 75... Qa6+ 76. Kd5 Qa2+ 77. Kd4 Qd2+ 78. Kc4 Qc2+ $1 79. Kb4 Qb2+ 80. Ka5 Qa2+ 81. Kb6 Qb3+ 82. Kc7 Qc4+ 83. Kd7 Qd5+ 84. Ke8 Qa8+ 85. Kf7 $2 (85. Qd8 {mates} Qc6+ 86. Qd7
Qh1 87. Kf7 Qa8 88. f5 h4 89. g4 Kg5 90. fxg6) 85... Qd5+ 86.
Kf8 Qa8+ 87. Kf7 {
[%emt 0:00:31] Qg5+ would kill now.} Qd5+ 88. Ke8 Qa8+ {[%emt 0:00:28] [#]} 89. Qd8 $1 {[%emt 0:00:02] White mates.} Qe4+ 90. Kf8 Qf5+ 91. Kg8 Qe6+ 92. Kh8 {[%emt 0:00:37] Weighted Error
Value: White=0.52/Black=0.35} 1-0

[Event "44th Chess Olympiad Women 2022"]
[Site "Chennai"]
[Date "2022.08.05"]
[Round "7.2"]
[White "Lehaci, Miruna-Daria"]
[Black "Arabidze, Meri"]
[Result "1/2-1/2"]
[WhiteElo "2193"]
[BlackElo "2426"]
[Annotator "TA"]
[PlyCount "107"]
[EventDate "2022.??.??"]
[TimeControl "60"]

1. e4 e5 2. Nf3 Nc6 3. d4 exd4 4. Nxd4 Bc5 5. Nb3 Bb6 6. Nc3 Nf6 7. Bg5 h6 {[%emt 0:01:16] 7...0-0 is the
fancy move.} 8. Bh4 d6 {[%emt 0:01:41][%cal Yf6e4] C45:
Scotch Game.} 9. f3 Be6 10. Bb5 O-O {[%emt 0:08:50] White is slightly better.} 11. Bxc6 bxc6 12. Qe2 a5 13. Na4 Ba7 14. O-O-O Qb8 {[%emt 0:
00:00] [#]} 15. Nd4 $146 (15. Bxf6 $11 gxf6 16. Nc3) ({
Predecessor:} 15. Bxf6 gxf6 16. Nc3 Qb6 17. Qd2 Kg7 18. Rhf1 Qa6 19. Nd4 Rab8
20. Nxe6+ fxe6 21. b3 {½-½ (38) Chapman,M (1841)-Kraujunas,V (1869) LSS
email 2020}) 15... Qb4 (15... Bxd4 $17 16. Rxd4 c5) 16. Nxe6
$11 fxe6 17. b3 Nd7 18. Be1 Qb5 19. Nc3 Qxe2 20. Nxe2 a4 21.
Nd4 Bxd4 22. Rxd4 axb3 23. axb3 Ra1+ 24. Kd2 $1 c5 25. Rd3 Ne5 26. Rc3 Nc6 27. Rg1 Rfa8 28. h4 h5 (28... Rf8
$15 {should be considered.}) 29. Bf2 Rxg1 30.
Bxg1 {[%emt 0:00:04] Endgame KRB-KRN} e5 31. Bf2 Kf7 32. g3 Ke6 33. Rc4 Nb4 34. Be1 Nc6 35. Bf2 Nb4 36. Be1 Nc6 37. Bf2 Rf8 (37... Ra1 $1
$15) 38. Ke2 {[%emt 0:00:43] The position is equal.} g6 39.
Ra4 Kd7 40. c3 Rb8 41. Ra3 Nd8 42. Be3 Ne6 43. Kd3 Kc6 (43... Rf8
$5 44. Ke2 Kc6 $11) 44. Ra6+ Kb7 45. Ra1 Kc6 46. Kc2 Kd7 47. Rf1 Ra8 48. Kb2 Re8 49. Bh6 Rh8 50. Bd2 Re8 51. Kc2 Ra8 52. Kb2 Re8 53. Kc2 Ra8 54. Kb2 {[%emt 0:00:00] Weighted Error Value: White=0.07 
(flawless) /Black=0.11 (very precise)} 1/2-1/2